[ PARTIDA AOE2 · #495819197 ]
UnrankedMongoles vs Mongols
Equipo del jugador · VICT
Equipo rival · DERR
[ ANÁLISIS DE REPETICIÓN · EXTRAÍDO DE LA PARTIDA GRABADA ]
Feudal
8:32
Castillos
23:06
Imperial
43:40
| APM promedio | 66.2 |
| APM pico | 117 |
| eAPM promedio | 23.0 |
| Aldeanos / militares | 156 / 178 |
Foco
⚔️ 33.4% · 🌾 66.6%
Mangudai ×70 · Scout Cavalry ×69 · Archer ×25 · Skirmisher ×4 · Trebuchet (Packed) ×4 · Monk ×2
Feudal
10:06
Castillos
21:05
Imperial
47:54
| APM promedio | 96.8 |
| APM pico | 157 |
| eAPM promedio | 26.9 |
| Aldeanos / militares | 132 / 104 |
Foco
⚔️ 29.9% · 🌾 70.1%
Mangudai ×95 · Spearman ×5 · Mangonel ×3 · Battering Ram ×1
Mapa de la partida
Recursos iniciales + cada clic de construcción. Líneas = muros · curvas = relieve. ◆ oro · ⬟ piedra · ● bayas · ✦ reliquia · ◌ hueco del cierre
Tu base· Abierta — flanco sin cerrar
Base de KARA___· Abierta — flanco sin cerrar
Terreno inicial suavizado · ◌ = hueco del cierre detectado · pasá el cursor para detalles
Inputs por minuto
— OS+ | TeoX - - KARA___
Build order — OS+ | TeoX
Primeras 150 de 491 acciones detectadas
| 0:00 | Crear | Villager (Male) |
| 0:01 | Crear | Villager (Male) |
| 0:02 | Construir | House |
| 0:03 | Construir | House |
| 0:14 | Crear | Villager (Male) |
| 0:25 | Crear | Villager (Male) |
| 1:37 | Crear | Villager (Male) |
| 2:00 | Crear | Villager (Male) |
| 2:16 | Crear | Villager (Male) |
| 2:55 | Crear | Villager (Male) |
| 3:01 | Construir | Lumber Camp |
| 3:17 | Crear | Villager (Male) |
| 3:17 | Crear | Villager (Male) |
| 3:49 | Construir | House |
| 4:10 | Crear | Villager (Male) |
| 4:33 | Crear | Villager (Male) |
| 5:00 | Crear | Villager (Male) |
| 5:22 | Investigar | Loom |
| 5:44 | Construir | Mill |
| 5:49 | Crear | Villager (Male) |
| 6:22 | Investigar | Feudal Age |
| 6:22 | Investigar | Feudal Age |
| 6:47 | Construir | Mill |
| 7:04 | Construir | House |
| 7:49 | Construir | House |
| 7:50 | Construir | Palisade Wall |
| 8:20 | Construir | Barracks |
| 8:26 | Crear | Villager (Male) |
| 8:32 | Edad | Edad Feudal |
| 8:34 | Crear | Villager (Male) |
| 8:51 | Crear | Villager (Male) |
| 9:12 | Investigar | Double-Bit Axe |
| 9:19 | Construir | Stable |
| 9:32 | Investigar | Double-Bit Axe |
| 9:45 | Construir | Palisade Wall |
| 9:47 | Crear | Scout Cavalry |
| 9:47 | Crear | Scout Cavalry |
| 9:52 | Crear | Villager (Male) |
| 9:55 | Construir | Farm |
| 9:59 | Construir | Farm |
| 10:12 | Crear | Villager (Male) |
| 10:17 | Construir | Farm |
| 10:31 | Construir | Farm |
| 10:47 | Crear | Scout Cavalry |
| 10:47 | Crear | Villager (Male) |
| 10:47 | Crear | Villager (Male) |
| 10:49 | Construir | Farm |
| 11:04 | Crear | Villager (Male) |
| 11:16 | Crear | Villager (Male) |
| 11:36 | Crear | Scout Cavalry |
| 11:39 | Construir | Farm |
| 11:44 | Construir | House |
| 11:48 | Construir | Mill |
| 11:53 | Crear | Villager (Male) |
| 12:08 | Construir | Farm |
| 12:16 | Crear | Villager (Male) |
| 12:17 | Construir | House |
| 12:24 | Crear | Villager (Male) |
| 12:26 | Construir | Farm |
| 12:31 | Crear | Villager (Male) |
| 12:35 | Crear | Villager (Male) |
| 12:55 | Crear | Villager (Male) |
| 12:58 | Crear | Villager (Male) |
| 13:05 | Crear | Villager (Male) |
| 13:15 | Crear | Villager (Male) |
| 13:17 | Construir | Archery Range |
| 13:20 | Crear | Villager (Male) |
| 13:30 | Construir | Watch Tower |
| 13:37 | Crear | Spearman |
| 13:37 | Crear | Spearman |
| 13:46 | Crear | Villager (Male) |
| 14:11 | Crear | Archer |
| 14:17 | Construir | House |
| 14:36 | Crear | Villager (Male) |
| 14:44 | Crear | Skirmisher |
| 14:51 | Construir | Farm |
| 14:51 | Crear | Villager (Male) |
| 14:53 | Construir | Mining Camp |
| 15:13 | Crear | Skirmisher |
| 15:33 | Crear | Villager (Male) |
| 15:39 | Construir | Palisade Wall |
| 15:40 | Construir | Palisade Wall |
| 15:41 | Construir | Palisade Wall |
| 15:42 | Construir | Palisade Wall |
| 15:42 | Crear | Villager (Male) |
| 15:51 | Construir | Mining Camp |
| 16:13 | Crear | Skirmisher |
| 16:15 | Construir | House |
| 16:31 | Crear | Villager (Male) |
| 16:44 | Crear | Archer |
| 16:50 | Construir | House |
| 16:58 | Construir | Watch Tower |
| 17:06 | Construir | Blacksmith |
| 17:35 | Construir | House |
| 17:53 | Investigar | Fletching |
| 17:53 | Investigar | Fletching |
| 18:12 | Construir | House |
| 18:14 | Crear | Villager (Male) |
| 18:30 | Construir | Farm |
| 18:31 | Crear | Villager (Male) |
| 18:42 | Construir | Lumber Camp |
| 19:08 | Crear | Villager (Male) |
| 19:11 | Crear | Archer |
| 19:16 | Construir | House |
| 19:46 | Construir | Farm |
| 20:04 | Construir | Watch Tower |
| 20:22 | Crear | Archer |
| 20:26 | Investigar | Castle Age |
| 20:33 | Crear | Archer |
| 20:50 | Construir | Palisade Wall |
| 20:51 | Construir | Palisade Wall |
| 20:52 | Construir | Palisade Wall |
| 20:53 | Construir | Palisade Wall |
| 20:54 | Construir | Palisade Wall |
| 21:05 | Crear | Archer |
| 21:05 | Crear | Archer |
| 21:20 | Crear | Archer |
| 22:20 | Construir | Archery Range |
| 22:25 | Construir | Stone Wall |
| 22:36 | Crear | Archer |
| 23:06 | Edad | Edad de los Castillos |
| 23:07 | Investigar | Bodkin Arrow |
| 23:08 | Investigar | Bodkin Arrow |
| 23:08 | Investigar | Crossbowman (upgrade) |
| 23:08 | Investigar | Crossbowman (upgrade) |
| 23:14 | Construir | Town Center |
| 23:38 | Crear | Villager (Male) |
| 23:41 | Crear | Villager (Male) |
| 23:59 | Crear | Villager (Male) |
| 24:12 | Crear | Villager (Male) |
| 24:20 | Crear | Archer |
| 24:20 | Crear | Archer |
| 24:28 | Construir | Siege Workshop |
| 24:28 | Crear | Villager (Male) |
| 25:05 | Crear | Archer |
| 25:05 | Crear | Archer |
| 25:14 | Crear | Villager (Male) |
| 25:15 | Crear | Archer |
| 25:15 | Crear | Archer |
| 25:15 | Crear | Villager (Male) |
| 25:22 | Construir | Watch Tower |
| 25:35 | Crear | Villager (Male) |
| 25:36 | Crear | Archer |
| 25:37 | Crear | Archer |
| 25:40 | Construir | Farm |
| 25:51 | Construir | Farm |
| 25:52 | Crear | Villager (Male) |
| 25:56 | Construir | Farm |
| 26:04 | Construir | Farm |
| 26:33 | Crear | Villager (Male) |
Build order — KARA___
Primeras 150 de 389 acciones detectadas
| 0:00 | Crear | Villager (Male) |
| 0:01 | Crear | Villager (Male) |
| 0:02 | Construir | House |
| 0:03 | Construir | House |
| 0:20 | Crear | Villager (Male) |
| 0:29 | Crear | Villager (Male) |
| 1:32 | Crear | Villager (Male) |
| 1:52 | Construir | Lumber Camp |
| 2:04 | Crear | Villager (Male) |
| 2:04 | Crear | Villager (Male) |
| 2:25 | Crear | Villager (Male) |
| 2:26 | Crear | Villager (Male) |
| 2:26 | Crear | Villager (Male) |
| 3:08 | Crear | Villager (Male) |
| 3:08 | Crear | Villager (Male) |
| 3:20 | Crear | Villager (Male) |
| 3:20 | Crear | Villager (Male) |
| 3:48 | Crear | Villager (Male) |
| 3:48 | Crear | Villager (Male) |
| 4:04 | Construir | House |
| 4:20 | Construir | Mill |
| 4:43 | Crear | Villager (Male) |
| 5:14 | Crear | Villager (Male) |
| 5:37 | Construir | Mill |
| 5:42 | Crear | Villager (Male) |
| 5:48 | Construir | House |
| 5:49 | Construir | House |
| 5:53 | Crear | Villager (Male) |
| 6:18 | Crear | Villager (Male) |
| 6:21 | Construir | Palisade Wall |
| 7:01 | Crear | Villager (Male) |
| 7:27 | Crear | Villager (Male) |
| 7:39 | Construir | Mining Camp |
| 7:49 | Investigar | Feudal Age |
| 9:03 | Construir | Palisade Wall |
| 9:14 | Investigar | Loom |
| 9:28 | Crear | Villager (Male) |
| 9:31 | Construir | Barracks |
| 10:00 | Construir | House |
| 10:06 | Edad | Edad Feudal |
| 10:08 | Construir | Palisade Wall |
| 10:09 | Construir | Palisade Wall |
| 10:13 | Investigar | Double-Bit Axe |
| 10:13 | Investigar | Double-Bit Axe |
| 10:13 | Investigar | Horse Collar |
| 10:13 | Investigar | Horse Collar |
| 10:21 | Crear | Spearman |
| 10:21 | Crear | Spearman |
| 10:32 | Construir | Farm |
| 10:42 | Construir | Palisade Wall |
| 10:49 | Crear | Villager (Male) |
| 10:57 | Crear | Villager (Male) |
| 11:00 | Construir | Farm |
| 11:03 | Investigar | Town Watch |
| 11:14 | Construir | House |
| 11:20 | Construir | Farm |
| 11:22 | Crear | Villager (Male) |
| 11:38 | Crear | Villager (Male) |
| 11:50 | Construir | Farm |
| 11:52 | Construir | Farm |
| 11:55 | Construir | Farm |
| 12:11 | Construir | Farm |
| 12:18 | Construir | Farm |
| 12:20 | Crear | Villager (Male) |
| 12:40 | Construir | Farm |
| 12:43 | Crear | Spearman |
| 12:49 | Crear | Villager (Male) |
| 13:03 | Crear | Villager (Male) |
| 13:19 | Crear | Villager (Male) |
| 13:23 | Construir | Farm |
| 13:26 | Construir | Farm |
| 13:31 | Construir | Farm |
| 14:05 | Crear | Villager (Male) |
| 14:15 | Construir | Market |
| 14:23 | Construir | Market |
| 14:25 | Crear | Villager (Male) |
| 15:00 | Crear | Spearman |
| 15:12 | Crear | Villager (Male) |
| 15:16 | Crear | Spearman |
| 15:24 | Construir | Blacksmith |
| 15:38 | Crear | Villager (Male) |
| 15:45 | Construir | Mining Camp |
| 16:13 | Construir | Watch Tower |
| 16:20 | Crear | Villager (Male) |
| 16:35 | Crear | Villager (Male) |
| 16:58 | Investigar | Fletching |
| 17:11 | Crear | Villager (Male) |
| 17:19 | Construir | Farm |
| 17:31 | Construir | House |
| 17:37 | Crear | Villager (Male) |
| 18:06 | Construir | Farm |
| 18:25 | Investigar | Castle Age |
| 18:25 | Investigar | Castle Age |
| 18:55 | Construir | House |
| 19:02 | Construir | House |
| 19:04 | Construir | Palisade Wall |
| 19:50 | Construir | House |
| 20:04 | Investigar | Padded Archer Armor |
| 21:05 | Edad | Edad de los Castillos |
| 21:10 | Construir | Castle |
| 21:26 | Investigar | Bodkin Arrow |
| 21:31 | Crear | Villager (Male) |
| 21:44 | Construir | Siege Workshop |
| 21:52 | Construir | Lumber Camp |
| 21:53 | Crear | Villager (Male) |
| 21:55 | Crear | Mangudai |
| 21:55 | Crear | Mangudai |
| 22:17 | Construir | Mining Camp |
| 22:29 | Crear | Villager (Male) |
| 22:40 | Crear | Mangudai |
| 22:40 | Crear | Mangudai |
| 22:46 | Construir | Palisade Wall |
| 22:54 | Crear | Villager (Male) |
| 23:05 | Crear | Mangudai |
| 23:31 | Crear | Battering Ram |
| 23:38 | Crear | Villager (Male) |
| 23:48 | Crear | Villager (Male) |
| 23:54 | Construir | Farm |
| 24:26 | Crear | Mangudai |
| 24:37 | Crear | Mangudai |
| 24:37 | Crear | Mangudai |
| 25:04 | Crear | Mangudai |
| 25:05 | Crear | Mangudai |
| 25:18 | Crear | Mangudai |
| 25:23 | Crear | Mangonel |
| 25:41 | Construir | House |
| 25:43 | Construir | House |
| 25:44 | Crear | Villager (Male) |
| 25:58 | Crear | Mangudai |
| 26:14 | Crear | Mangonel |
| 26:53 | Crear | Villager (Male) |
| 26:53 | Crear | Villager (Male) |
| 26:59 | Crear | Mangudai |
| 26:59 | Crear | Mangudai |
| 27:21 | Crear | Villager (Male) |
| 27:55 | Crear | Mangudai |
| 27:55 | Crear | Mangudai |
| 28:10 | Crear | Villager (Male) |
| 28:22 | Crear | Villager (Male) |
| 28:32 | Construir | Town Center |
| 28:56 | Crear | Mangudai |
| 29:01 | Investigar | Leather Archer Armor |
| 29:01 | Investigar | Leather Archer Armor |
| 29:14 | Crear | Villager (Male) |
| 29:16 | Crear | Villager (Male) |
| 29:32 | Crear | Mangudai |
| 29:32 | Crear | Mangudai |
| 29:54 | Crear | Mangudai |
| 29:54 | Crear | Mangudai |
| 30:05 | Crear | Villager (Male) |
Cronología de la partida
| 6:21 | KARA___ · wall_segment Palisade Wall x3 |
| 7:50 | OS+ | TeoX · wall_segment Palisade Wall x1 |
| 8:20 | OS+ | TeoX · first_building Barracks |
| 8:32 | OS+ | TeoX · age_up feudal |
| 9:03 | KARA___ · wall_segment Palisade Wall x1 |
| 9:19 | OS+ | TeoX · first_building Stable |
| 9:31 | KARA___ · first_building Barracks |
| 9:45 | OS+ | TeoX · wall_segment Palisade Wall x6 |
| 10:06 | KARA___ · age_up feudal |
| 10:08 | KARA___ · wall_segment Palisade Wall x3 |
| 10:09 | KARA___ · wall_segment Palisade Wall x3 |
| 10:42 | KARA___ · wall_segment Palisade Wall x3 |
| 13:17 | OS+ | TeoX · first_building Archery Range |
| 15:39 | OS+ | TeoX · wall_segment Palisade Wall x2 |
| 15:40 | OS+ | TeoX · wall_segment Palisade Wall x1 |
| 15:41 | OS+ | TeoX · wall_segment Palisade Wall x1 |
| 15:42 | OS+ | TeoX · wall_segment Palisade Wall x1 |
| 18:18 | KARA___ · first_market_buy 100 food |
| 18:19 | KARA___ · first_market_sell 100 wood |
| 19:04 | KARA___ · wall_segment Palisade Wall x1 |
| 20:50 | OS+ | TeoX · wall_segment Palisade Wall x1 |
| 20:51 | OS+ | TeoX · wall_segment Palisade Wall x1 |
| 20:52 | OS+ | TeoX · wall_segment Palisade Wall x1 |
| 20:53 | OS+ | TeoX · wall_segment Palisade Wall x1 |
| 20:54 | OS+ | TeoX · wall_segment Palisade Wall x1 |
| 21:05 | KARA___ · age_up castle |
| 21:10 | KARA___ · first_building Castle |
| 21:44 | KARA___ · first_building Siege Workshop |
| 22:25 | OS+ | TeoX · wall_segment Stone Wall x8 |
| 22:46 | KARA___ · wall_segment Palisade Wall x1 |
| 23:06 | OS+ | TeoX · age_up castle |
| 24:28 | OS+ | TeoX · first_building Siege Workshop |
| 27:32 | OS+ | TeoX · first_building Castle |
| 31:34 | KARA___ · wall_segment Palisade Wall x7 |
| 36:08 | KARA___ · first_building Stable |
| 36:13 | OS+ | TeoX · first_market_sell 100 wood |
| 36:18 | OS+ | TeoX · first_market_buy 100 food |
| 36:26 | OS+ | TeoX · wall_segment Stone Wall x6 |
| 36:32 | OS+ | TeoX · wall_segment Stone Wall x5 |
| 40:36 | OS+ | TeoX · first_building Monastery |
| 43:40 | OS+ | TeoX · age_up imperial |
| 47:54 | KARA___ · age_up imperial |
| 51:11 | KARA___ · resign |
[ ANÁLISIS IA · 1 CRÉDITO ]
¿Qué pasó realmente en esta partida?
Wolo.gg analiza cada decisión: build order, eco, micro, errores típicos por bracket. Análisis personalizado por WhatsApp o Discord en 30 segundos.
Guía civ
Mongoles
Perfil
Jugador #258174